[ AOE2 MATCH · #506637825 ]
UnrankedCumans vs Huns
Player's team · WIN
Rival team · LOSS
[ REPLAY ANALYSIS · EXTRACTED FROM THE RECORDED GAME ]
Feudal
10:30
Castle
28:02
Imperial
—
| APM avg | 44.0 |
| APM peak | 109 |
| eAPM avg | 18.0 |
| Villagers / military | 111 / 31 |
Focus
⚔️ 19.6% · 🌾 80.4%
Steppe Lancer ×26 · Scout Cavalry ×5
Feudal
10:56
Castle
21:18
Imperial
—
| APM avg | 45.7 |
| APM peak | 86 |
| eAPM avg | 17.0 |
| Villagers / military | 87 / 59 |
Focus
⚔️ 36.7% · 🌾 63.3%
Cavalry Archer ×25 · Archer ×10 · Scout Cavalry ×7 · Mangonel ×6 · Knight ×5 · Battering Ram ×4
Match map
Initial resources + every placement click. Lines = walls · curves = elevation contours. ◆ gold · ⬟ stone · ● berries · ✦ relic · ◌ wall gap
Your base· ✓ Closed at 28:02 · 36t walls · 1 gate(s)
GANZ's base· Open — opponent sealed themselves in
Smoothed initial terrain · ◌ = detected wall gap · hover for details
Inputs per minute
— kim.henrik.himanen123 - - GANZ
Build order — kim.henrik.himanen123
First 150 of 220 actions detected
| 0:00 | Queue | Villager (Male) ×4 |
| 0:01 | Build | House |
| 0:02 | Build | House |
| 1:23 | Queue | Villager (Male) |
| 1:44 | Build | Lumber Camp |
| 2:03 | Queue | Villager (Male) |
| 2:13 | Queue | Villager (Male) |
| 2:20 | Build | House |
| 2:45 | Queue | Villager (Male) |
| 3:00 | Queue | Villager (Male) |
| 3:32 | Queue | Villager (Male) |
| 4:07 | Research | Loom |
| 4:23 | Build | House |
| 4:35 | Queue | Villager (Male) ×4 |
| 5:12 | Queue | Villager (Male) ×3 |
| 6:03 | Queue | Villager (Male) |
| 6:03 | Queue | Villager (Male) |
| 7:18 | Queue | Villager (Male) ×2 |
| 7:20 | Queue | Villager (Male) |
| 7:23 | Queue | Villager (Male) |
| 7:24 | Queue | Villager (Male) |
| 7:36 | Queue | Villager (Male) ×3 |
| 7:37 | Queue | Villager (Male) |
| 7:40 | Build | Mill |
| 7:42 | Queue | Villager (Male) ×2 |
| 7:51 | Build | Mining Camp |
| 8:07 | Research | Feudal Age |
| 10:29 | Queue | Villager (Male) ×5 |
| 10:30 | Age | Feudal Age |
| 10:32 | Research | Double-Bit Axe |
| 10:34 | Research | Stone Mining |
| 11:08 | Build | Palisade Gate |
| 11:28 | Queue | Villager (Male) ×2 |
| 11:33 | Build | Barracks |
| 11:35 | Queue | Villager (Male) |
| 11:39 | Queue | Villager (Male) |
| 11:48 | Build | Mill |
| 11:54 | Build | House |
| 12:36 | Queue | Villager (Male) |
| 12:47 | Build | House |
| 12:54 | Queue | Villager (Male) |
| 13:01 | Build | Town Center |
| 13:10 | Build | House |
| 13:15 | Build | Palisade Wall |
| 13:16 | Queue | Villager (Male) |
| 13:22 | Build | Watch Tower |
| 13:29 | Queue | Villager (Male) ×2 |
| 13:37 | Build | Palisade Wall |
| 13:41 | Build | House |
| 13:58 | Research | Horse Collar |
| 14:15 | Build | House |
| 14:16 | Queue | Villager (Male) ×4 |
| 14:16 | Queue | Villager (Male) ×4 |
| 14:28 | Queue | Villager (Male) |
| 14:34 | Build | House |
| 14:35 | Queue | Villager (Male) |
| 14:45 | Build | Watch Tower |
| 14:47 | Build | Mill |
| 14:48 | Queue | Villager (Male) |
| 14:58 | Build | House |
| 15:13 | Build | Farm |
| 15:14 | Build | Farm |
| 15:19 | Build | Farm |
| 15:25 | Queue | Villager (Male) |
| 15:30 | Build | House |
| 15:32 | Queue | Villager (Male) |
| 15:32 | Queue | Villager (Male) |
| 16:09 | Build | House |
| 16:31 | Queue | Villager (Male) ×2 |
| 16:36 | Build | Watch Tower |
| 16:44 | Build | House |
| 16:54 | Queue | Villager (Male) |
| 17:06 | Build | House |
| 17:09 | Build | Palisade Wall |
| 17:10 | Queue | Villager (Male) |
| 17:21 | Build | Palisade Wall |
| 17:22 | Queue | Villager (Male) |
| 17:30 | Queue | Villager (Male) |
| 17:39 | Build | Market |
| 17:41 | Queue | Villager (Male) |
| 17:57 | Queue | Villager (Male) |
| 18:14 | Build | Watch Tower |
| 18:17 | Queue | Villager (Male) |
| 18:30 | Queue | Villager (Male) |
| 18:37 | Queue | Villager (Male) |
| 18:51 | Build | Lumber Camp |
| 18:57 | Queue | Villager (Male) |
| 19:12 | Queue | Villager (Male) |
| 19:14 | Build | Palisade Wall |
| 19:18 | Queue | Villager (Male) |
| 19:30 | Build | House |
| 19:32 | Build | House |
| 19:35 | Build | House |
| 19:37 | Build | House |
| 19:38 | Build | House |
| 19:41 | Queue | Villager (Male) |
| 19:46 | Build | Farm |
| 19:47 | Build | Farm |
| 19:47 | Build | Farm |
| 19:47 | Build | Farm |
| 19:51 | Build | Farm |
| 19:52 | Queue | Villager (Male) |
| 20:03 | Queue | Villager (Male) |
| 20:16 | Build | Watch Tower |
| 20:19 | Queue | Villager (Male) |
| 20:26 | Queue | Villager (Male) |
| 20:36 | Build | Blacksmith |
| 20:39 | Build | House |
| 20:40 | Build | House |
| 20:44 | Queue | Villager (Male) |
| 20:51 | Queue | Villager (Male) |
| 20:54 | Build | House |
| 21:07 | Queue | Villager (Male) |
| 21:13 | Build | House |
| 21:14 | Build | House |
| 21:16 | Build | House |
| 21:17 | Queue | Villager (Male) ×2 |
| 21:21 | Build | Farm |
| 21:21 | Build | Farm |
| 21:21 | Build | Farm |
| 21:21 | Build | Farm |
| 21:22 | Build | Farm |
| 21:22 | Build | Farm |
| 21:22 | Build | Farm |
| 21:22 | Build | Farm |
| 21:22 | Build | Farm |
| 21:31 | Queue | Villager (Male) |
| 21:33 | Build | Farm |
| 21:38 | Build | Farm |
| 21:40 | Build | Farm |
| 21:49 | Build | Lumber Camp |
| 21:52 | Queue | Villager (Male) |
| 22:07 | Queue | Villager (Male) |
| 22:07 | Queue | Villager (Male) |
| 22:12 | Build | Watch Tower |
| 22:52 | Queue | Villager (Male) ×5 |
| 23:03 | Queue | Villager (Male) ×2 |
| 23:08 | Build | Farm |
| 23:08 | Build | Farm |
| 23:08 | Build | Farm |
| 23:08 | Build | Farm |
| 23:09 | Build | Farm |
| 23:09 | Build | Farm |
| 23:09 | Build | Farm |
| 23:12 | Build | Farm |
| 23:22 | Build | House |
| 23:23 | Build | House |
| 23:24 | Build | House |
| 23:25 | Build | House |
| 23:27 | Queue | Villager (Male) ×2 |
Build order — GANZ
First 150 of 217 actions detected
| 0:01 | Queue | Villager (Male) |
| 0:07 | Queue | Villager (Male) |
| 0:07 | Queue | Villager (Male) |
| 0:16 | Queue | Villager (Male) |
| 0:16 | Queue | Villager (Male) |
| 1:14 | Queue | Villager (Male) |
| 1:52 | Queue | Villager (Male) |
| 2:05 | Queue | Villager (Male) |
| 2:05 | Queue | Villager (Male) |
| 2:36 | Queue | Villager (Male) |
| 2:36 | Queue | Villager (Male) |
| 2:41 | Build | Mill |
| 2:54 | Queue | Villager (Male) |
| 2:54 | Queue | Villager (Male) |
| 3:21 | Queue | Villager (Male) |
| 3:48 | Queue | Villager (Male) |
| 3:49 | Queue | Villager (Male) |
| 4:46 | Queue | Villager (Male) |
| 4:49 | Queue | Villager (Male) |
| 4:59 | Queue | Villager (Male) |
| 5:07 | Queue | Villager (Male) |
| 5:13 | Queue | Villager (Male) |
| 5:21 | Queue | Villager (Male) |
| 5:54 | Queue | Villager (Male) |
| 6:02 | Build | Lumber Camp |
| 6:06 | Queue | Villager (Male) |
| 7:24 | Queue | Villager (Male) |
| 7:24 | Queue | Villager (Male) |
| 7:25 | Queue | Villager (Male) |
| 7:25 | Queue | Villager (Male) |
| 7:44 | Build | Mill |
| 7:49 | Queue | Villager (Male) |
| 7:49 | Research | Loom |
| 7:53 | Queue | Villager (Male) |
| 8:32 | Research | Feudal Age |
| 10:24 | Queue | Villager (Male) |
| 10:56 | Age | Feudal Age |
| 11:08 | Research | Horse Collar |
| 11:09 | Research | Double-Bit Axe |
| 11:32 | Queue | Villager (Male) |
| 11:50 | Build | Farm |
| 11:50 | Build | Farm |
| 11:50 | Build | Farm |
| 11:50 | Build | Farm |
| 11:51 | Build | Farm |
| 11:51 | Build | Farm |
| 11:51 | Build | Farm |
| 11:57 | Queue | Villager (Male) |
| 12:00 | Build | Farm |
| 12:00 | Build | Farm |
| 12:01 | Queue | Villager (Male) |
| 12:13 | Queue | Villager (Male) |
| 12:23 | Build | Barracks |
| 12:29 | Queue | Villager (Male) |
| 12:45 | Build | Farm |
| 12:55 | Build | Farm |
| 12:56 | Queue | Villager (Male) |
| 13:15 | Queue | Villager (Male) |
| 13:36 | Queue | Villager (Male) |
| 13:46 | Queue | Villager (Male) |
| 13:52 | Build | Archery Range |
| 14:05 | Queue | Villager (Male) |
| 14:26 | Queue | Villager (Male) |
| 14:38 | Build | Mining Camp |
| 14:39 | Queue | Archer |
| 14:42 | Queue | Villager (Male) |
| 14:54 | Build | Palisade Wall |
| 14:56 | Queue | Villager (Male) |
| 15:02 | Queue | Archer |
| 15:11 | Build | Palisade Wall |
| 15:20 | Queue | Villager (Male) |
| 15:26 | Queue | Villager (Male) |
| 15:46 | Queue | Archer |
| 16:06 | Queue | Archer |
| 16:06 | Queue | Archer |
| 16:15 | Queue | Villager (Male) |
| 16:16 | Build | Farm |
| 16:16 | Build | Farm |
| 16:18 | Queue | Villager (Male) |
| 16:28 | Queue | Archer |
| 16:30 | Queue | Villager (Male) |
| 16:44 | Queue | Villager (Male) |
| 16:56 | Queue | Villager (Male) |
| 17:07 | Build | Lumber Camp |
| 17:13 | Build | Blacksmith |
| 17:22 | Queue | Villager (Male) |
| 17:51 | Queue | Villager (Male) |
| 17:59 | Build | Farm |
| 18:03 | Queue | Archer |
| 18:03 | Queue | Archer |
| 18:28 | Research | Castle Age |
| 18:47 | Queue | Villager (Male) |
| 18:49 | Build | Farm |
| 18:50 | Build | Farm |
| 18:50 | Build | Farm |
| 18:50 | Queue | Villager (Male) |
| 18:57 | Research | Fletching |
| 18:57 | Research | Fletching |
| 19:02 | Queue | Villager (Male) |
| 19:05 | Queue | Villager (Male) |
| 19:11 | Build | Palisade Wall |
| 19:35 | Queue | Villager (Male) |
| 19:39 | Queue | Archer |
| 19:40 | Queue | Villager (Male) |
| 19:57 | Queue | Archer |
| 19:58 | Queue | Villager (Male) |
| 20:10 | Queue | Villager (Male) |
| 20:14 | Build | Farm |
| 20:15 | Build | Farm |
| 20:15 | Build | Farm |
| 20:15 | Build | Farm |
| 20:15 | Build | Farm |
| 20:18 | Research | Gold Mining |
| 20:32 | Build | Archery Range |
| 21:14 | Queue | Villager (Male) |
| 21:18 | Age | Castle Age |
| 21:23 | Research | Bodkin Arrow |
| 21:23 | Research | Bodkin Arrow |
| 21:27 | Research | Crossbowman (upgrade) |
| 21:27 | Research | Crossbowman (upgrade) |
| 21:29 | Queue | Villager (Male) |
| 21:33 | Research | Bow Saw |
| 21:43 | Build | Siege Workshop |
| 21:49 | Research | Padded Archer Armor |
| 22:17 | Queue | Villager (Male) |
| 22:19 | Queue | Cavalry Archer |
| 22:19 | Queue | Cavalry Archer |
| 22:19 | Queue | Cavalry Archer |
| 23:04 | Queue | Mangonel |
| 23:04 | Queue | Mangonel |
| 23:09 | Queue | Villager (Male) |
| 23:09 | Queue | Villager (Male) |
| 23:15 | Build | Monastery |
| 23:19 | Queue | Villager (Male) |
| 23:20 | Queue | Villager (Male) |
| 23:21 | Research | Wheelbarrow |
| 23:31 | Build | Mining Camp |
| 23:36 | Build | Mining Camp |
| 23:45 | Queue | Cavalry Archer |
| 23:52 | Queue | Cavalry Archer |
| 23:52 | Queue | Cavalry Archer |
| 24:01 | Queue | Cavalry Archer |
| 24:03 | Queue | Villager (Male) |
| 24:03 | Queue | Villager (Male) |
| 24:04 | Queue | Villager (Male) |
| 24:07 | Build | Market |
| 24:12 | Queue | Monk |
| 24:36 | Queue | Villager (Male) |
| 24:36 | Queue | Villager (Male) |
| 24:40 | Build | Farm |
Match timeline
| 10:30 | kim.henrik.himanen123 · age_up feudal |
| 10:56 | GANZ · age_up feudal |
| 11:33 | kim.henrik.himanen123 · first_building Barracks |
| 12:23 | GANZ · first_building Barracks |
| 13:15 | kim.henrik.himanen123 · wall_segment Palisade Wall x1 |
| 13:37 | kim.henrik.himanen123 · wall_segment Palisade Wall x8 |
| 13:52 | GANZ · first_building Archery Range |
| 14:54 | GANZ · wall_segment Palisade Wall x19 |
| 15:11 | GANZ · wall_segment Palisade Wall x13 |
| 17:09 | kim.henrik.himanen123 · wall_segment Palisade Wall x7 |
| 17:21 | kim.henrik.himanen123 · wall_segment Palisade Wall x5 |
| 19:11 | GANZ · wall_segment Palisade Wall x4 |
| 19:14 | kim.henrik.himanen123 · wall_segment Palisade Wall x13 |
| 21:18 | GANZ · age_up castle |
| 21:43 | GANZ · first_building Siege Workshop |
| 23:15 | GANZ · first_building Monastery |
| 24:05 | kim.henrik.himanen123 · wall_segment Palisade Wall x1 |
| 24:17 | kim.henrik.himanen123 · wall_segment Palisade Wall x1 |
| 24:41 | kim.henrik.himanen123 · first_market_sell 500 wood |
| 24:42 | kim.henrik.himanen123 · first_market_buy 100 food |
| 25:02 | GANZ · first_market_sell 100 food |
| 25:03 | GANZ · first_market_buy 100 wood |
| 25:39 | kim.henrik.himanen123 · first_building Stable |
| 26:06 | GANZ · first_building Stable |
| 27:13 | kim.henrik.himanen123 · wall_segment Palisade Wall x1 |
| 28:02 | kim.henrik.himanen123 · age_up castle |
| 30:33 | GANZ · resign |
[ AI ANALYSIS · 1 CREDIT ]
What really happened in this match?
Wolo.gg analyzes every decision: build order, eco, micro, common mistakes by bracket. Personalized analysis on WhatsApp or Discord in 30 seconds.
Civ guide
Cumans
Perfil
Jugador #25475928